Cogmind - Beta 14 @@@ ROGUE MODE // 2024.08.29 @ 21:06:09 Player: Ladmageddon Result: Core destroyed Performance ------------- Evolutions (2) 1000 Regions Visited (4) 800 Robots Destroyed (17) 85 Value Destroyed (385) 385 Prototype IDs (0) 0 Alien Tech Used (0) 0 Bonus (0) 0 TOTAL SCORE: 2270 Bonus ------- None Cogmind --------- Core Integrity 0/550 Matter 300/300 Energy 100/100 System Corruption 0% Temperature Cool (0) Movement Core (350) Ox6 Location -8/Materials Parts ------- > --- POWER (2) -------- (None) > --- PROPULSION (3) --- (None) > --- UTILITY (3) ------ Large Storage Unit > --- WEAPON (3) ------- (None) > --- INVENTORY (15) --- Light Nuclear Core Heat Sink Heat Sink Large Storage Unit Advanced Weight Redist. System Particle Charger Peak State ------------ > --- POWER ------------ Light Nuclear Core > --- PROPULSION ------- Light Treads Light Treads Improved Treads > --- UTILITY ---------- Large Storage Unit Improved Terrain Scanner Terrain Scan Processor > --- WEAPON ----------- Assault Rifle > --- INVENTORY -------- Aluminum Leg Aluminum Leg Heat Sink Heat Sink Large Storage Unit Light Armor Plating [Rating: 14] Favorites ----------- Power Ion Engine Engine Ion Engine Power Core Light Nuclear Core Propulsion Aluminum Leg Treads Light Treads Leg Aluminum Leg Wheel Wheel Utility Large Storage Unit Device Heat Sink Storage Large Storage Unit Processor Terrain Scan Processor Protection Hardened Medium Armor Plating Weapon EM Pulse Gun Energy Gun EM Pulse Gun Ballistic Gun Assault Rifle Launcher Grenade Launcher Build | -11 -10 -10 -9 -8 ------- Run | Yrd Mat Min Mat Mat Slots Evolved 4 | . . . 2 2 Power 1 | . . . . 1 Propulsion 1 | . . . . 1 Utility 1 | . . . 1 . Weapon 1 | . . . 1 . Parts Attached 29 | 6 3 3 5 12 Power 3 | 1 . . . 2 Engine 2 | 1 . . . 1 Core 1 | . . . . 1 Reactor . | . . . . . Propulsion 10 | 2 . . 3 5 Treads 3 | . . . . 3 Leg 5 | . . . 3 2 Wheel 2 | 2 . . . . Hover . | . . . . . Flight . | . . . . . Utility 8 | 1 2 . 1 4 Device 2 | . 1 . . 1 Storage 2 | 1 1 . . . Processor 1 | . . . 1 . Hackware . | . . . . . Protection 3 | . . . . 3 Artifact . | . . . . . Weapon 8 | 2 1 3 1 1 Energy Gun 5 | 2 . 2 1 . Energy Cannon . | . . . . . Ballistic Gun 1 | . . . . 1 Ballistic Cannon . | . . . . . Launcher 2 | . 1 1 . . Special Weapon . | . . . . . Impact Weapon . | . . . . . Slashing Weapon . | . . . . . Piercing Weapon . | . . . . . Special Melee Weapon . | . . . . . Unidentified Prototypes . | . . . . . Parts Lost 19 | . . . 6 13 Power 3 | . . . 1 2 Propulsion 7 | . . . 2 5 Utility 5 | . . . . 5 Weapon 4 | . . . 3 1 Highest Loss Streak 13 | . . . 4 13 To Critical Strikes 1 | . . . . 1 Average Slot Usage (%) 73 | . 92 100 68 59 Engine 8 | . 14 14 8 5 Treads 6 | . . . . 19 Leg 8 | . . . 18 2 Wheel 7 | . 28 28 . . Device 9 | . 7 14 11 6 Storage 11 | . 14 14 11 9 Processor 6 | . . . 8 9 Energy Gun 7 | . 15 17 7 . Ballistic Gun 1 | . . . . 4 Launcher 4 | . 12 10 3 . Peak Build Rating 14 | 6 7 8 10 14 Average Rating 8 | 5 6 7 7 10 On Entrance 5 | . 6 7 7 6 Naked Turns . | . . . . . Heaviest Build 31 | 14 31 31 31 28 Greatest Support 63 | 20 20 20 20 63 Greatest Overweight (x) 9 | . 1 1 2 9 Average Overweight (x) . | . . 1 1 . Largest Inventory Capacity 15 | 8 15 15 15 15 Average Capacity 13 | 7 9 15 15 15 Most Carried 12 | 5 7 10 12 9 Average Carried 7 | 3 5 7 9 6 Final Capacity 15 | 8 15 15 15 15 Final Carried 9 | 4 6 9 9 6 Class Distribution -------------------- 100% | Mutant Dominant Class ---------------- Mutant | -10/Materials Mutant | -10/Mines Mutant | -9/Materials Mutant | -8/Materials Resources | -11 -10 -10 -9 -8 ----------- Run | Yrd Mat Min Mat Mat Matter Collected 546 | 170 53 70 117 136 Remotely . | . . . . . Salvage Created 360 | . 92 70 132 66 Parts 24 | . 7 7 9 1 Haulers Intercepted . | . . . . . Recyclers Shooed 1 | . . . 1 . Parts Field Recycled . | . . . . . Retrieved Matter . | . . . . . Parts Self-Destructed . | . . . . . Prevented . | . . . . . Kills | -11 -10 -10 -9 -8 ------- Run | Yrd Mat Min Mat Mat Combat Hostiles Destroyed 17 | . 4 5 6 2 Guns 9 | . 1 3 3 2 AOE 8 | . 3 2 3 . Classes Destroyed 3 | . 1 1 1 . Swarmer 10 | . . 5 4 1 Grunt 6 | . 4 . 1 1 Sentry 1 | . . . 1 . Best Kill Streak 4 | . 4 3 4 1 Combat Bots Only 4 | . 4 3 4 1 Max Kills in Single Turn 3 | . 2 2 3 1 Gunslinging 1 | . . 1 . . Exploded 3 | . 2 2 3 . Melee . | . . . . . Uniques/NPCs Destroyed . | . . . . . Combat | -11 -10 -10 -9 -8 -------- Run | Yrd Mat Min Mat Mat Hostile Shots Fired 394 | . 6 19 55 314 Missed 122 | . 3 6 16 97 Damage Taken 2831 | . 40 107 544 2140 Core 726 | . . 30 131 565 Absorbed by Shields . | . . . . . Core Remaining (%) 85 | 100 . 88 67 . Volleys Fired 50 | . 4 5 21 20 Largest 2 | . 2 2 2 1 Hottest 80 | . 70 80 70 20 Shots Fired 62 | . 8 10 24 20 Gun 54 | . 4 9 21 20 Cannon . | . . . . . Launcher 8 | . 4 1 3 . Special . | . . . . . Kinetic 20 | . . . . 20 Thermal . | . . . . . Explosive 8 | . 4 1 3 . Electromagnetic 34 | . 4 9 21 . Robot Hit Streak 12 | . 2 5 12 6 Robot Miss Streak 3 | . 2 3 3 3 Penetration Max . | . . . . . Secondary Targets 1 | . . 1 . . Max Gunslinging Chain 1 | . . 1 . . Shots Hit Robots 37 | . 3 6 17 11 Core Hits 33 | . 9 5 10 9 Critical Kills . | . . . . . Critical Parts Destroyed . | . . . . . Critical Strikes . | . . . . . Melee Attacks . | . . . . . Impact . | . . . . . Slashing . | . . . . . Piercing . | . . . . . Sneak Attacks . | . . . . . Combat Hostiles . | . . . . . Follow-up Attacks . | . . . . . Damage Inflicted 1061 | . 380 130 377 174 Guns 441 | . 28 59 201 153 Cannons . | . . . . . Explosions 598 | . 352 71 175 . Melee . | . . . . . Ramming 22 | . . . 1 21 Kinetic 153 | . . . . 153 Thermal . | . . . . . Explosive 598 | . 352 71 175 . Electromagnetic 288 | . 28 59 201 . Impact . | . . . . . Slashing . | . . . . . Piercing . | . . . . . Highest Corruption . | . . . . . Average Corruption . | . . . . . Corruption Purged . | . . . . . Corruption Blocked . | . . . . . Overload Shots . | . . . . . Overflow Damage 12 | . . . 12 . Projectiles . | . . . . . Explosions 12 | . . . 12 . Melee . | . . . . . Knockbacks . | . . . . . Impact . | . . . . . Kinetic . | . . . . . Secondary . | . . . . . Self-Inflicted Damage 39 | . . . 39 . Shots 1 | . . . 1 . Rammed 13 | . . . . 13 Targets Rammed 19 | . . . 2 17 Kicked 6 | . . . 2 4 Crushed . | . . . . . Highest Temperature 60 | . 60 . . 4 Average Temperature 25 | . 34 . . 2 Received Heat Transfer 714 | . 24 . 177 513 Siege Activations . | . . . . . Robots Corrupted . | . . . . . Combat Hostiles . | . . . . . Parts Fried . | . . . . . Impact Corruptions . | . . . . . Robots Melted . | . . . . . Combat Hostiles . | . . . . . Parts Melted . | . . . . . Heat Transferred . | . . . . . Parts Sabotaged . | . . . . . Parts Stolen . | . . . . . Parts Stripped . | . . . . . Power Chain Reactions . | . . . . . Alert | -11 -10 -10 -9 -8 ------- Run | Yrd Mat Min Mat Mat Peak Influence 249 | . 136 168 249 85 Initial 65 | . . 52 65 20 Average 94 | . 84 152 143 35 Maximum Alert Level 1 | . . . 1 . Low Security (%) 87 | 100 100 100 65 100 Level 1 12 | . . . 34 . Level 2 . | . . . . . Level 3 . | . . . . . Level 4 . | . . . . . Level 5 . | . . . . . High Security . | . . . . . Max Security . | . . . . . Squads Dispatched . | . . . . . Investigation . | . . . . . Extermination . | . . . . . Reinforcement . | . . . . . Assault . | . . . . . Garrison . | . . . . . Intercept . | . . . . . Searches Triggered . | . . . . . Construction Impeded . | . . . . . Haulers Reinforced . | . . . . . Active Scanning Responses . | . . . . . Cargo Convoy Interrupts . | . . . . . Stealth | -11 -10 -10 -9 -8 --------- Run | Yrd Mat Min Mat Mat Distress Signals . | . . . . . Communications Jammed . | . . . . . Distress Signals . | . . . . . Times Spotted 37 | . 5 6 8 18 Peak Tracking Total 8 | . 4 3 4 8 Tactical Retreats 6 | . . . 2 4 Traps | -11 -10 -10 -9 -8 ------- Run | Yrd Mat Min Mat Mat Traps Triggered . | . . . . . Indirectly . | . . . . . Trap Hack Attempts . | . . . . . Triggered . | . . . . . Disarmed . | . . . . . Reprogrammed . | . . . . . Reused 3 | . . . 1 2 Traps Extracted . | . . . . . Installed 3 | . . . 1 2 Triggered 3 | . . . 1 2 Most Traps Carried 4 | . . 4 4 2 Machines | -11 -10 -10 -9 -8 ---------- Run | Yrd Mat Min Mat Mat Machines Disabled 1 | . . . 1 . Max in Single Turn 1 | . . . 1 . Machines Repaired . | . . . . . Machines Dismantled . | . . . . . Machines Sabotaged . | . . . . . Overloaded Fab Kills . | . . . . . Hacking | -11 -10 -10 -9 -8 --------- Run | Yrd Mat Min Mat Mat Machines Accessed 1 | . 1 . . . Terminals 1 | . 1 . . . Fabricators . | . . . . . Repair Stations . | . . . . . Recycling Units . | . . . . . Scanalyzers . | . . . . . Garrison Access . | . . . . . Total Hacks 3 | . 3 . . . Successful 2 | . 2 . . . Failed 1 | . 1 . . . Catastrophic . | . . . . . Database Lockouts . | . . . . . Manual . | . . . . . Terminals 3 | . 3 . . . Fabricators . | . . . . . Repair Stations . | . . . . . Recycling Units . | . . . . . Scanalyzers . | . . . . . Garrison Access . | . . . . . Terminal Hacks 2 | . 2 . . . Record 2 | . 2 . . . Fabricator Hacks . | . . . . . Repair Station Hacks . | . . . . . Recycling Unit Hacks . | . . . . . Scanalyzer . | . . . . . Garrison Access Hacks . | . . . . . Unauthorized Hacks . | . . . . . Terminals . | . . . . . Fabricators . | . . . . . Repair Stations . | . . . . . Recycling Units . | . . . . . Scanalyzers . | . . . . . Garrison Access . | . . . . . Data Cores Recovered . | . . . . . Used . | . . . . . Hacking Detections 1 | . 1 . . . Full Trace Events . | . . . . . Feedback Events . | . . . . . Feedback Blocked . | . . . . . Robot Schematics Acquired . | . . . . . Robots Built . | . . . . . Authchips . | . . . . . Time . | . . . . . Total Robot Build Rating . | . . . . . Part Schematics Acquired . | . . . . . Parts Built . | . . . . . Authchips . | . . . . . Time . | . . . . . Total Part Build Rating . | . . . . . Parts Repaired . | . . . . . Time . | . . . . . Parts Recycled . | . . . . . Recycled Matter . | . . . . . Retrieved Matter . | . . . . . Retrieved Components . | . . . . . Parts Scanalyzed . | . . . . . Part Schematics Acquired . | . . . . . Parts Damaged . | . . . . . Bothacking | -11 -10 -10 -9 -8 ------------ Run | Yrd Mat Min Mat Mat Used RIF Installer . | . . . . . Robots Hacked . | . . . . . Non-combat . | . . . . . Combat . | . . . . . Robot Hacks Applied . | . . . . . Relay Couplers Released . | . . . . . Fabnet Peak Effective % . | . . . . . Robots Rewired . | . . . . . Allies Hacked . | . . . . . Hacks Repelled . | . . . . . Allies | -11 -10 -10 -9 -8 -------- Run | Yrd Mat Min Mat Mat Total Allies . | . . . . . Largest Group . | . . . . . Highest-Rated Group . | . . . . . Highest-Rated Ally . | . . . . . Total Orders . | . . . . . Ally Attacks . | . . . . . Total Damage . | . . . . . Kills . | . . . . . Allies Corrupted . | . . . . . Allies Melted . | . . . . . Intel | -11 -10 -10 -9 -8 ------- Run | Yrd Mat Min Mat Mat Robot Analysis Total . | . . . . . Derelict Logs Recovered 2 | . . 2 . . Drone Launches . | . . . . . Drone Recoveries . | . . . . . Exploration | -11 -10 -10 -9 -8 ------------- Run | Yrd Mat Min Mat Mat Turns Passed 1477 | 127 167 197 564 422 Spaces Moved 719 | 42 176 183 194 124 Core 17 | 11 . . . 6 Treads 88 | . . . . 88 Legs 218 | . . . 188 30 Wheels 396 | 31 176 183 6 . Hover . | . . . . . Flight . | . . . . . Fastest Speed 50 | 50 80 95 95 120 Average Speed 134 | 72 83 95 205 174 Slowest Speed 500 | 80 95 95 260 500 Overloaded Moves . | . . . . . Propulsion Burnouts . | . . . . . Robots Hopped . | . . . . . Cave-ins Triggered . | . . . . . Exploration Rate (%) 22 | 5 35 43 16 11 Regions Visited 4 Branch Regions 1 Pre-discovered Areas . | . . . . . Known Exits Taken . | . . . . . Unknown Exits Taken 4 | 1 1 1 1 . Scrap Searched . | . . . . . Spaces Dug . | . . . . . Terrain Destroyed 52 | . 28 6 18 . Melee . | . . . . . Projectile . | . . . . . AOE 52 | . 28 6 18 . Terrain Rammed . | . . . . . Walls Destroyed . | . . . . . Machines Disabled . | . . . . . Actions | -11 -10 -10 -9 -8 --------- Run | Yrd Mat Min Mat Mat Total 1140 | 137 187 195 338 283 Wait 278 | 81 . . 99 98 Move 715 | 41 175 182 193 124 Hop . | . . . . . Pick Up 36 | 9 4 4 10 9 Fast Attach 1 | 1 . . . . Attach 20 | 5 1 1 3 10 Detach . | . . . . . Swap 8 | . 2 2 2 2 Drop 11 | . 1 1 7 2 Fire 50 | . 4 5 21 20 Melee . | . . . . . Ram 2 | . . . . 2 Kick 6 | . . . 2 4 Crush 10 | . . . . 10 Escape Stasis . | . . . . . Rewire . | . . . . . Trap 3 | . . . 1 2 Miscellaneous . | . . . . . Route ------- -11/Scrapyard -10/Materials -10/Mines -9/Materials -8/Materials (discovered 1 exit: [*Sto]) History --------- Turn | Location | Event 2 | -11/Scrapyard | Met Revision 17 22 | -11/Scrapyard | Discovered new exit (range 15) 128 | -11/Scrapyard | Entered Materials 240 | -10/Materials | Discovered new exit (range 9) 295 | -10/Materials | Entered Mines 316 | -10/Mines | Build established: Mutant 338 | -10/Mines | Learned Materials stockpile data 341 | -10/Mines | Learned Materials non-interactive machine intel 419 | -10/Mines | Found a hidden stash of uninstalled traps 461 | -10/Mines | Discovered new exit (range 7) 492 | -10/Mines | Entered Materials 492 | -9/Materials | Evolved 2 slots: Utility x1, Weapon x1 494 | -9/Materials | Loaded intel: 36 non-interactive machine locations 946 | -9/Materials | Lost 4 parts (1p2n1w) 1022 | -9/Materials | Discovered new exit (range 13) 1056 | -9/Materials | Entered another Materials area 1056 | -8/Materials | Evolved 2 slots: Power x1, Propulsion x1 1434 | -8/Materials | Core integrity fell below 50% 1437 | -8/Materials | Discovered new exit (range 7) 1459 | -8/Materials | Core integrity fell below 20% 1478 | -8/Materials | Core destroyed Last Messages --------------- Lgt. Armor Plating destroyed. Acquired Particle Charger. Acquired Hrd. Medium Armor Plating. Aluminum Leg destroyed. Acquired Adv. Weight Redist. System. Kicked S-10 Pest. Kicked S-10 Pest out of the way. Aluminum Leg destroyed. Slammed into S-10 Pest. EXIT=FOUND Slammed into S-10 Pest. Critical hit (Destroy). Hrd. Medium Armor Plating destroyed. G-47 Trooper suffers critical hit (Burn). Critical hit (Burn: +37). Terrain Scan Processor destroyed. Hrd. Medium Armor Plating destroyed. S-10 Pest destroyed. Slammed into Y-45 Defender. Destabilizing: Core damaged (-16). Map ----- +----------------------------------------------------+ | ????????????????????##???##### | | ??????????????????? ??? ? ?#? | | ???????????????? ?#????? ? ## | | ??????????????????#?? ???? ## | | ???????????????? ???? ?? ## | | ???????????????" ???"?" ? #? | | ???????????????"? # ?R? #? | | ????##+##?????"" ?????? #? | | ????# ????? ? ?? ? ?# | | ????# #??###+####+######/### | | ????# #??# | | ????# #??# ### | | ????# ######+##### #?# | | ????# ## # ### | | ????# ##= # ### | | ????# ## # ##? | | ????# ## # ##? | | ????# g ## ! " " # # | | ????# s## "Y" # #? | | ????# %%+%!! """ # # | | ????# s## # # | | ????# ############ + ? | | ???##=% ##?????????# # ? | | ???# #?????????# #? | | ???# #?????????# #?? | | ???# @Y #?????????+ #?# | | ???# #?????????? ??? | | ???# #???????????????????? | | ???### ###???????????????????? | | ?????# #?????????????????????? | | ?????# #?????????????????????? | | ?????# #?????????????????????? | | ?????? #?????????????????????? | | ?????? #?????????????????????? | | ?????? ?????????????????????? | | ??????##?????????????????????? | | ?????????????????????????????? | | ?????????????????????????????? | | ?????????????????????????????? | | ?????????????????????????????? | | ?????????????????????????????? | | ?????????????????????????????? | | ?????????????????????????????? | | ?????????????????????????????? | | ?????????????????????????????? | | ?????????????????????????????? | | ?????????????????????????????? | | ?????????????????????????????? | | ?????????????????????????????? | | ?????????????????????????????? | +----------------------------------------------------+ Best States ------------- Heat Dissipation 41 Energy Generation 14 Energy Capacity 250 Matter Stores 300 Matter Capacity 300 Sight Range 16 Terrain Scan Range 16 Terrain Scan Density 85 Armor Coverage 225 Evasion (%) 55 Recoil Reduction 3 Item Schematics ----------------- None Robot Schematics ------------------ None Fabricated ------------ Nothing Alien Tech Used ----------------- None Achievements -------------- Let's See Who's Tougher Challenges ------------ None Game ------ Seed PhasingCargoArray Manual? 0 Play Time 00:15:36 Cumulative 9.4 hours Start 2024.08.29 @ 20:51:01 End 2024.08.29 @ 21:06:09 Sessions 1 Manual Loads 0 Difficulty Rogue Special Mode None Game No. 20 Rogue 17 Adventurer 3 Explorer 0 Win Type - Total 0 Types 0/0/0/0/0/0/0/0/0 Lore% 4 Gallery% 20 Achievement% 14 Wizard Run 0 Options --------- Layout 1 ASCII 0 Keyboard 0 Movement Mouse Keybinds 0 Fullscreen 1 Font 24/Smallcaps Map View 50x35 Zoom Use 0% Tactical HUD 0 Map Filters NONE Filters NONE Steam 1 RUN: 165d6c70-e761-4cc1-9d86-34a489533eac